| TOP OF THE 1ST |
|
Modesto Nuts batting - Pitching for Kennewick Bear Cubs : RHP Chuck McGrath
|
|
Pitching: RHP Chuck McGrath
|
|
|
Batting: RHB Mike Miller
|
0-0: Ball 1-0: Ball 2-0: Foul Ball, location: 2F 2-1: Swinging Strike 2-2: Ball 3-2: Base on Balls
|
|
Batting: RHB Johnny Tutt
|
0-0: Called Strike 0-1: Ball 1-1: Ball 2-1: Ball Mike Miller steals 2nd base (no throw) 3-1: Swinging Strike 3-2: Ground out 6-3 (Groundball, 6, EV 100.6 MPH)
|
|
Batting: LHB Dave McLaughlin
|
0-0: Swinging Strike 0-1: Ground out U3 (Groundball, 3, EV 76.9 MPH) Mike Miller to third
|
|
Batting: RHB Antonio Lopez
|
0-0: Ground out U3 (Groundball, 3L, EV 101.9 MPH)
|
| Top of the 1st over - 0 runs, 0 hits, 0 errors, 1 left on base; Modesto 0 - Kennewick 0 |
| BOTTOM OF THE 1ST |
|
Kennewick Bear Cubs batting - Pitching for Modesto Nuts : RHP Kevin Price
|
|
Pitching: RHP Kevin Price
|
|
|
Batting: RHB Matthew Sferrazza
|
0-0: Called Strike 0-1: SINGLE (Flyball, 8LS, EV 91.3 MPH)
|
|
Batting: SHB Eriberto Them
|
0-0: Ground out U3 (Groundball, 3S, EV 62.5 MPH) Matthew Sferrazza to second
|
|
Batting: LHB Jose Birriel
|
0-0: Ball 1-0: Ball 2-0: Called Strike 2-1: Foul Ball, location: 2F 2-2: Fly out, F8 (Flyball, 8RXD, EV 100.6 MPH) Runner from 2nd tags up, SAFE at 3rd, no throw by CF
|
|
Batting: RHB Jonathan Black
|
0-0: Called Strike 0-1: Ball 1-1: Ground out 6-3 (Groundball, 6, EV 98.1 MPH)
|
| Bottom of the 1st over - 0 runs, 1 hit, 0 errors, 1 left on base; Modesto 0 - Kennewick 0 |
| TOP OF THE 2ND |
|
Modesto Nuts batting - Pitching for Kennewick Bear Cubs : RHP Chuck McGrath
|
|
Batting: RHB Andre Lowe
|
0-0: Ball 1-0: Ground out 4-3 (Groundball, 34, EV 90.6 MPH)
|
|
Batting: LHB Nelson Burciaga
|
0-0: Ball 1-0: Ball 2-0: Foul Ball, location: 2F 2-1: Foul Ball, location: 2F 2-2: Foul Ball, location: 2F 2-2: Foul Ball, location: 2F 2-2: Strikes out swinging
|
|
Batting: RHB Jesus Vila
|
0-0: Ball 1-0: Ball 2-0: Fly out, F3 (Popup, 34, EV 78.1 MPH)
|
| Top of the 2nd over - 0 runs, 0 hits, 0 errors, 0 left on base; Modesto 0 - Kennewick 0 |
| BOTTOM OF THE 2ND |
|
Kennewick Bear Cubs batting - Pitching for Modesto Nuts : RHP Kevin Price
|
|
Batting: RHB Roger Jensen
|
0-0: Fly out, F1 (Line Drive, P, EV 69.4 MPH)
|
|
Batting: RHB Ruben Machado
|
0-0: Fly out, F7 (Flyball, 7, EV 87.5 MPH)
|
|
Batting: LHB Shane Fairbanks
|
0-0: Foul Ball, location: 2F 0-1: Ball 1-1: Foul Ball, location: 2F 1-2: Ball 2-2: Fly out, F3 (Line Drive, 3, EV 63.8 MPH)
|
| Bottom of the 2nd over - 0 runs, 0 hits, 0 errors, 0 left on base; Modesto 0 - Kennewick 0 |
| TOP OF THE 3RD |
|
Modesto Nuts batting - Pitching for Kennewick Bear Cubs : RHP Chuck McGrath
|
|
Batting: RHB Carlos Leal
|
0-0: Ball 1-0: Ball 2-0: Ball 3-0: Base on Balls
|
|
Batting: RHB Larry Tribble
|
0-0: SINGLE (Groundball, 56D, EV 99.4 MPH) Carlos Leal to second
|
|
Batting: RHB Mike Miller
|
0-0: Ball 1-0: Called Strike 1-1: Foul Ball, location: 2F 1-2: Ball 2-2: Foul Ball, location: 2F 2-2: Ball 3-2: Foul Ball, location: 2F 3-2: Grounds into double play, 6-4-3 (Groundball, 6, EV 85.6 MPH) Carlos Leal to third
|
|
Batting: RHB Johnny Tutt
|
0-0: Foul Ball, location: 2F 0-1: Fly out, F9 (Flyball, 9LS, EV 94.4 MPH)
|
| Top of the 3rd over - 0 runs, 1 hit, 0 errors, 1 left on base; Modesto 0 - Kennewick 0 |
| BOTTOM OF THE 3RD |
|
Kennewick Bear Cubs batting - Pitching for Modesto Nuts : RHP Kevin Price
|
|
Batting: LHB John Mizerock
|
0-0: Ball 1-0: Swinging Strike 1-1: Ball 2-1: Fly out, F8 (Flyball, 8LM, EV 95.6 MPH)
|
|
Batting: RHB William Nunez
|
0-0: Ball 1-0: Called Strike 1-1: Called Strike 1-2: Ground out 5-3 (Groundball, 25, EV 80.6 MPH)
|
|
Batting: RHB Matthew Sferrazza
|
0-0: Ball 1-0: Called Strike 1-1: Ball 2-1: Fly out, F9 (Flyball, 9LS, EV 88.8 MPH)
|
| Bottom of the 3rd over - 0 runs, 0 hits, 0 errors, 0 left on base; Modesto 0 - Kennewick 0 |
| TOP OF THE 4TH |
|
Modesto Nuts batting - Pitching for Kennewick Bear Cubs : RHP Chuck McGrath
|
|
Batting: LHB Dave McLaughlin
|
0-0: Fly out, F8 (Line Drive, 8LM, EV 85.6 MPH)
|
|
Batting: RHB Antonio Lopez
|
0-0: Ball 1-0: Called Strike 1-1: SINGLE (Line Drive, 89M, EV 99.4 MPH)
|
|
Batting: RHB Andre Lowe
|
0-0: Foul Ball, location: 2F 0-1: Ball Antonio Lopez steals 2nd base 1-1: Ground out 5-3 (Groundball, 5, EV 88.1 MPH)
|
|
Batting: LHB Nelson Burciaga
|
0-0: Ball 1-0: Swinging Strike 1-1: Ball 2-1: SINGLE (Groundball, 34D, EV 94.4 MPH) Antonio Lopez to third Runner from 3rd tries for Home, SAFE, throw by RF to home
|
|
Batting: RHB Jesus Vila
|
0-0: Called Strike 0-1: Ball Nelson Burciaga steals 2nd base 1-1: Fly out, F9 (Flyball, 9LS, EV 88.8 MPH)
|
| Top of the 4th over - 1 run, 2 hits, 0 errors, 1 left on base; Modesto 1 - Kennewick 0 |
| BOTTOM OF THE 4TH |
|
Kennewick Bear Cubs batting - Pitching for Modesto Nuts : RHP Kevin Price
|
|
Batting: SHB Eriberto Them
|
0-0: Ball 1-0: Called Strike 1-1: Called Strike 1-2: Foul Ball, location: 2F 1-2: Ground out 5-3 (Groundball, 56S, EV 79.4 MPH)
|
|
Batting: LHB Jose Birriel
|
0-0: Fly out, F6 (Popup, 56, EV 53.8 MPH)
|
|
Batting: RHB Jonathan Black
|
0-0: Ground out 5-3 (Groundball, 56, EV 86.3 MPH)
|
| Bottom of the 4th over - 0 runs, 0 hits, 0 errors, 0 left on base; Modesto 1 - Kennewick 0 |
| TOP OF THE 5TH |
|
Modesto Nuts batting - Pitching for Kennewick Bear Cubs : RHP Chuck McGrath
|
|
Batting: RHB Carlos Leal
|
0-0: Foul Ball, location: 2F 0-1: Ground out 6-3 (Groundball, 6, EV 105.6 MPH)
|
|
Batting: RHB Larry Tribble
|
0-0: Called Strike 0-1: Called Strike 0-2: Ball 1-2: Ground out 4-3 (Groundball, 4, EV 105.6 MPH)
|
|
Batting: RHB Mike Miller
|
0-0: SINGLE (Groundball, 6MD, EV 104.4 MPH)
|
|
Batting: RHB Johnny Tutt
|
0-0: Ground out 5-3 (Groundball, 5L, EV 98.8 MPH)
|
| Top of the 5th over - 0 runs, 1 hit, 0 errors, 1 left on base; Modesto 1 - Kennewick 0 |
| BOTTOM OF THE 5TH |
|
Kennewick Bear Cubs batting - Pitching for Modesto Nuts : RHP Kevin Price
|
|
Batting: RHB Roger Jensen
|
0-0: Foul Ball, location: 2F 0-1: Ball 1-1: Ball 2-1: Ball 3-1: Foul Ball, location: 2F 3-2: SINGLE (Flyball, 78S, EV 89.4 MPH)
|
|
Batting: RHB Ruben Machado
|
0-0: Called Strike 0-1: Fly out, F8 (Flyball, 8LM, EV 84.4 MPH)
|
|
Batting: LHB Shane Fairbanks
|
0-0: Ball 1-0: Fielders Choice at 2nd, 3-6 (Groundball, 3S, EV 79.4 MPH)
|
|
Batting: LHB John Mizerock
|
0-0: Fly out, F7 (Flyball, 7LM, EV 86.3 MPH)
|
| Bottom of the 5th over - 0 runs, 1 hit, 0 errors, 1 left on base; Modesto 1 - Kennewick 0 |
| TOP OF THE 6TH |
|
Modesto Nuts batting - Pitching for Kennewick Bear Cubs : RHP Chuck McGrath
|
|
Batting: LHB Dave McLaughlin
|
0-0: Called Strike 0-1: Swinging Strike 0-2: Hit by Pitch
|
|
Batting: RHB Antonio Lopez
|
0-0: Fly out, F8 (Flyball, 8LS, EV 90.6 MPH)
|
|
Batting: RHB Andre Lowe
|
0-0: Fielders Choice at 2nd, 4-6 (Groundball, 4, EV 103.1 MPH)
|
|
Batting: LHB Nelson Burciaga
|
0-0: Called Strike Andre Lowe steals 2nd, throwing error, E2 Andre Lowe to third 0-1: Ball 1-1: Ball 2-1: Foul Ball, location: 2F 2-2: Foul Ball, location: 2F 2-2: Fly out, F7 (Flyball, 7D, EV 105.6 MPH)
|
| Top of the 6th over - 0 runs, 0 hits, 1 error, 1 left on base; Modesto 1 - Kennewick 0 |
| BOTTOM OF THE 6TH |
|
Kennewick Bear Cubs batting - Pitching for Modesto Nuts : RHP Kevin Price
|
|
Batting: RHB William Nunez
|
0-0: Ball 1-0: Fly out, F9 (Flyball, 9S, EV 86.3 MPH)
|
|
Batting: RHB Matthew Sferrazza
|
0-0: Called Strike 0-1: Ground out 5-3 (Groundball, 56S, EV 86.3 MPH)
|
|
Batting: SHB Eriberto Them
|
0-0: Foul Ball, location: 2F 0-1: Foul Ball, location: 2F 0-2: Ball 1-2: Ball 2-2: Fly out, F7 (Flyball, 78M, EV 91.9 MPH)
|
| Bottom of the 6th over - 0 runs, 0 hits, 0 errors, 0 left on base; Modesto 1 - Kennewick 0 |
| TOP OF THE 7TH |
|
Modesto Nuts batting - Pitching for Kennewick Bear Cubs : RHP Chuck McGrath
|
|
Batting: RHB Jesus Vila
|
0-0: DOUBLE (Line Drive, 8LXD, EV 107.5 MPH)
|
|
Batting: RHB Carlos Leal
|
0-0: Ball 1-0: Swinging Strike 1-1: Called Strike 1-2: Ball 2-2: Ground out 5-3 (Groundball, 56, EV 106.9 MPH)
|
|
Batting: RHB Larry Tribble
|
0-0: Ground out 5-3 (Groundball, 5L, EV 100.0 MPH)
|
|
Batting: RHB Mike Miller
|
0-0: Called Strike 0-1: Ball 1-1: Foul Ball, location: 2F 1-2: Ball 2-2: Fly out, F8 (Flyball, 8LM, EV 87.5 MPH)
|
| Top of the 7th over - 0 runs, 1 hit, 0 errors, 1 left on base; Modesto 1 - Kennewick 0 |
| BOTTOM OF THE 7TH |
|
Kennewick Bear Cubs batting - Pitching for Modesto Nuts : RHP Kevin Price
|
|
Batting: LHB Jose Birriel
|
0-0: Called Strike 0-1: Foul Ball, location: 2F 0-2: Foul Ball, location: 2F 0-2: Ball 1-2: DOUBLE (Line Drive, 9LS, EV 100.6 MPH)
|
|
Batting: RHB Jonathan Black
|
0-0: Ball 1-0: Foul Ball, location: 2F 1-1: Foul Ball, location: 2F 1-2: 2-RUN HOME RUN (Flyball, 9D, EV 95.6 MPH), Distance : 370 ft
|
|
Batting: RHB Roger Jensen
|
0-0: Fly out, F8 (Flyball, 8RS, EV 84.4 MPH)
|
|
Batting: RHB Ruben Machado
|
0-0: Swinging Strike 0-1: Ball 1-1: Foul Ball, location: 2F 1-2: Fly out, F8 (Flyball, 78D, EV 90.6 MPH)
|
|
Batting: LHB Shane Fairbanks
|
0-0: Ball 1-0: Ball 2-0: Swinging Strike 2-1: Called Strike 2-2: Ball 3-2: Base on Balls
|
|
Batting: LHB John Mizerock
|
0-0: Called Strike 0-1: Fly out, F9 (Flyball, 9S, EV 88.1 MPH)
|
| Bottom of the 7th over - 2 runs, 2 hits, 0 errors, 1 left on base; Modesto 1 - Kennewick 2 |
| TOP OF THE 8TH |
|
Modesto Nuts batting - Pitching for Kennewick Bear Cubs : RHP Chuck McGrath
|
|
Batting: RHB Johnny Tutt
|
0-0: Called Strike 0-1: Foul Ball, location: 2F 0-2: Ball 1-2: Ball 2-2: Ball 3-2: SINGLE (Groundball, 56D, EV 110.6 MPH)
|
|
Batting: LHB Dave McLaughlin
|
0-0: Ball 1-0: Grounds into double play, 4-6-3 (Groundball, 4, EV 78.8 MPH)
|
|
Batting: RHB Antonio Lopez
|
0-0: Ball 1-0: Foul Ball, location: 2F 1-1: SINGLE (Groundball, 6M, EV 106.3 MPH)
|
|
Batting: RHB Andre Lowe
|
0-0: Ball 1-0: SINGLE (Line Drive, 8LS, EV 90.6 MPH) Antonio Lopez to second Runner from 2nd tries for 3rd, SAFE, no throw by CF
|
|
Pitching: RHP Glenn Simmons
|
|
|
Batting: LHB Nelson Burciaga
|
0-0: Ball 1-0: Fly out, F8 (Flyball, 8LD, EV 104.4 MPH)
|
| Top of the 8th over - 0 runs, 3 hits, 0 errors, 2 left on base; Modesto 1 - Kennewick 2 |
| BOTTOM OF THE 8TH |
|
Kennewick Bear Cubs batting - Pitching for Modesto Nuts : RHP Kevin Price
|
|
Batting: RHB William Nunez
|
0-0: Called Strike 0-1: Ground out 1-3 (Groundball, 34S, EV 68.1 MPH)
|
|
Batting: RHB Matthew Sferrazza
|
0-0: Ball 1-0: Ground out 6-3 (Groundball, 6M, EV 91.3 MPH)
|
|
Batting: SHB Eriberto Them
|
0-0: Ground out 1-3 (Groundball, 34S, EV 66.9 MPH)
|
| Bottom of the 8th over - 0 runs, 0 hits, 0 errors, 0 left on base; Modesto 1 - Kennewick 2 |
| TOP OF THE 9TH |
|
Modesto Nuts batting - Pitching for Kennewick Bear Cubs : RHP Glenn Simmons
|
|
Pitching: LHP Dan Yokubaitis
|
|
|
Now in CF: Steven Morris
|
|
|
Pinch Hitting: RHB Kenneth Harvey
|
0-0: Called Strike 0-1: Foul Ball, location: 2F 0-2: Ball 1-2: Foul Ball, location: 2F 1-2: Fly out, F8 (Flyball, 8LXD, EV 95.0 MPH)
|
|
Pinch Hitting: RHB Fred Blair
|
0-0: Called Strike 0-1: Swinging Strike 0-2: Ball 1-2: Strikes out swinging
|
|
Pinch Hitting: RHB Randy Olson
|
0-0: Foul Ball, location: 2F 0-1: Ball 1-1: Ball 2-1: Ball 3-1: Base on Balls
|
|
Batting: RHB Mike Miller
|
0-0: Foul Ball, location: 2F 0-1: Ball 1-1: Called Strike 1-2: Strikes out swinging
|
| Top of the 9th over - 0 runs, 0 hits, 0 errors, 1 left on base; Modesto 1 - Kennewick 2 |
|